 Dungeon Sprint DCSS version 0.21.1-1-g345015f (webtiles) character file.

6851 Fang the Severer (level 11, -4/80 HPs)
             Began as a Gargoyle Berserker on May 24, 2018.
             Was the Champion of Trog.
             Slain by an orc knight
             ... wielding a +0 long sword
              (14 damage)
             ... in the Dungeon (Sprint IX: "|||||||||||||||||||||||||||||").
             The game lasted 00:04:37 (1586 turns).

Fang the Severer (Gargoyle Berserker)               Turns: 1586, Time: 00:04:38

Health: -4/80      AC: 16    Str: 25    XL:     11   Next: 6%
Magic:  3/3        EV: 19    Int:  7    God:    Trog [******]
Gold:   659        SH:  0    Dex:  9    Spells: 10/10 levels left

rFire    . . .     SeeInvis .   b - +2 broad axe (antimagic)
rCold    . . .     Gourm    .   (no shield)
rNeg     + . .     Faith    .   o - +2 ring mail
rPois    ∞         Spirit   .   (no helmet)
rElec    +         Reflect  .   (no cloak)
rCorr    .         Harm     .   (no gloves)
MR       .....     NoTele   +   (no boots)
Stlth    +.........             (no amulet)
HPRegen  0.23/turn              p - +2 ring of evasion
MPRegen  0.08/turn              q - +2 ring of evasion

@: berserk cooldown, slowed, very slow
A: blink, negative energy resistance 1, electricity resistance, unbreathing,
petrification resistance, rot immunity, AC +8
a: Blink, Berserk, Trog's Hand, Brothers in Arms, Burn Spellbooks, Renounce
Religion


You were in the Dungeon.
You worshipped Trog.
Trog was exalted by your worship.
You were very hungry.

You visited 1 branch You collected 659 gold pieces.

Inventory:

Hand Weapons
 b - a +2 antimagic broad axe (weapon)
 n - a +3 war axe of freezing
 u - a +8 broad axe of flaming
 v - the +8 war axe of Conscience {venom, rElec Int+2}
   (Trog gifted it to you in the Dungeon)

   It poisons the flesh of those it strikes.
   It affects your intelligence (+2).
   It insulates you from electricity.
Armour
 o - a +2 ring mail (worn)
Jewellery
 p - a +2 ring of evasion (left hand)
 q - a +2 ring of evasion (right hand)
Wands
 m - a wand of acid (10)
Scrolls
 i - 3 scrolls of blinking
 j - 6 scrolls of enchant weapon
 l - 3 scrolls of remove curse
 r - a scroll of fog
Potions
 a - a potion of brilliance
 d - 2 potions of curing
 e - 2 potions of heal wounds
 f - a potion of haste
 g - 4 potions of magic
 h - 2 potions of berserk rage
 k - a potion of invisibility
Comestibles
 c - 12 rations
 s - 3 chunks of flesh


   Skills:
 + Level 14.5 Fighting
 + Level 16.0 Axes
 + Level 8.5 Armour
 + Level 9.7 Dodging
 + Level 1.6 Stealth


You had 10 spell levels left.
You didn't know any spells.

Dungeon Overview and Level Annotations

Branches:
Dungeon (1/1)

Altars:
Cheibriados
Dithmenos
Elyvilon
Fedhas
Gozag
Hepliaklqana
Kikubaaqudgha
Makhleb
Nemelex Xobeh
Okawaru
Qazlal
Ru
Sif Muna
Trog
Uskayaw
Vehumet
Wu Jian
Xom
Yredelemnul
Zin
The Shining One
Beogh
Jiyva
Lugonu


Innate Abilities, Weirdness & Mutations

You are resistant to torment.
Your stone body is resilient. (AC +8)
You are immune to poison.
You resist negative energy. (rN+)
You are resistant to electric shocks. (rElec)
You can survive without breathing.
You are immune to petrification.
You are immune to rotting.
You can translocate small distances at will.


Message History

You slash the orc warrior!
The orc warrior is heavily wounded.
You hit the orc knight.
The orc warrior no longer looks unusually strong.
The orc priest calls upon Beogh to heal the orc knight.
The orc knight is healed somewhat.
The orc knight barely misses you.
The orc warrior hits you with a long sword!!
* * * LOW HITPOINT WARNING * * *
You barely miss the orc warrior.
The orc warrior is heavily wounded.
You closely miss the orc knight. The orc warrior completely misses you.
The orc knight hits you with a long sword!
* * * LOW HITPOINT WARNING * * *
Unknown command.
You closely miss the orc warrior.
The orc warrior is heavily wounded.
You hit the orc knight.
The orc knight no longer looks unusually strong.
The orc knight hits you with a long sword!
You die...

* ** , , ,
▓▓▓▓▓▓▓▓▓▓▓▓▓▓▓▓▓▓▓▓▓▓▓▓
+..ooooo@oooo)........).)
▓▓▓▓▓▓▓▓▓▓▓▓▓▓▓▓▓▓▓▓▓▓▓▓▓▓▓▓▓▓▓▓▓
.................................
▓▓▓▓▓▓▓▓▓▓▓▓▓▓▓▓▓▓▓▓▓▓▓▓▓▓▓▓▓▓▓▓▓
.......÷.........÷.........÷(....
▓▓▓▓▓▓▓▓▓▓▓▓▓▓▓▓▓▓▓▓▓▓▓▓▓▓▓▓▓▓▓▓▓
.................................
▓▓▓▓▓▓▓▓▓▓▓▓▓▓▓▓▓▓▓▓▓▓▓▓▓▓▓▓▓▓▓▓▓
.[[)|?.'________________________'


You could see 2 orc knights, an orc high priest, 5 orc warriors and an orc
priest.

Vanquished Creatures
  An orc knight (D)
  3 black mambas (D)
  3 spiny frogs (D)
  A gargoyle (D)
  A komodo dragon (D)
  A rime drake (D)
  A troll (D)
  4 polar bears (D)
  2 blink frogs (D)
  2 hippogriffs (D)
  A wyvern (D)
  A yak (D)
  A basilisk (D)
  A water moccasin (D)
  A porcupine (D)
  4 orc warriors (D)
  A sky beast (D)
  4 black bears (D)
  A crocodile (D)
  2 bullfrogs (D)
  A killer bee (D)
  A howler monkey (D)
  A jelly (D)
  A hound (D)
  A quasit (D)
  An orc priest (D)
  An iguana (D)
  2 orc wizards (D)
  An adder skeleton (D)
  A dart slug (D)
  11 orcs (D)
  A bat (D)
  A bat skeleton (D)
  A giant cockroach (D)
  A kobold (D)
  A leopard gecko zombie (D)
  A rat (D)
64 creatures vanquished.

Notes
Turn   | Place    | Note
-------+----------+-------------------------------------------
     0 | D        | Fang the Gargoyle Berserker began the quest for the Orb.
     0 | D        | Reached XP level 1. HP: 14/14 MP: 1/1
     8 | D        | Reached skill level 3 in Axes
    17 | D        | Reached ** piety under Trog
    20 | D        | Reached XP level 2. HP: 15/20 MP: 2/2
    98 | D        | Noticed a howler monkey
    98 | D        | Noticed a sky beast
   104 | D        | Killed a sky beast
   104 | D        | Reached skill level 5 in Axes
   104 | D        | Reached XP level 3. HP: 28/28 MP: 3/3
   104 | D        | Reached XP level 4. HP: 32/32 MP: 4/4
   112 | D        | Reached *** piety under Trog
   112 | D        | Reached skill level 6 in Axes
   112 | D        | Reached XP level 5. HP: 38/38 MP: 5/5
   130 | D        | Reached skill level 7 in Axes
   204 | D        | Found a roughly hewn altar of Beogh.
   204 | D        | Found a snail-covered altar of Cheibriados.
   204 | D        | Found a shadowy altar of Dithmenos.
   204 | D        | Found a white marble altar of Elyvilon.
   204 | D        | Found a blossoming altar of Fedhas.
   204 | D        | Found an opulent altar of Gozag.
   205 | D        | Found a hazy altar of Hepliaklqana.
   206 | D        | Found a viscous altar of Jiyva.
   207 | D        | Found an ancient bone altar of Kikubaaqudgha.
   208 | D        | Found a corrupted altar of Lugonu.
   209 | D        | Found a burning altar of Makhleb.
   210 | D        | Found a sparkling altar of Nemelex Xobeh.
   211 | D        | Found an iron altar of Okawaru.
   212 | D        | Found a stormy altar of Qazlal.
   213 | D        | Found a sacrificial altar of Ru.
   214 | D        | Found a deep blue altar of Sif Muna.
   215 | D        | Found a bloodstained altar of Trog.
   216 | D        | Found a hide-covered altar of Uskayaw.
   217 | D        | Found a radiant altar of Vehumet.
   218 | D        | Found an ornate altar of the Wu Jian Council.
   219 | D        | Found a shimmering altar of Xom.
   220 | D        | Found a basalt altar of Yredelemnul.
   221 | D        | Found a glowing silver altar of Zin.
   222 | D        | Found a glowing golden altar of the Shining One.
   265 | D        | Noticed an orc warrior
   265 | D        | Noticed a wyvern
   268 | D        | Killed a wyvern
   268 | D        | Reached **** piety under Trog
   268 | D        | Reached skill level 8 in Axes
   268 | D        | Reached skill level 5 in Dodging
   268 | D        | Reached XP level 6. HP: 45/45 MP: 6/6
   273 | D        | Received a gift from Trog
   273 | D        | Reached skill level 9 in Axes
   279 | D        | Killed an orc warrior
   279 | D        | Reached XP level 7. HP: 52/52 MP: 7/7
   362 | D        | Noticed a hippogriff
   362 | D        | Noticed a troll
   362 | D        | Noticed a gargoyle
   364 | D        | Reached ***** piety under Trog
   367 | D        | Killed a gargoyle
   367 | D        | Reached skill level 10 in Fighting
   367 | D        | Reached skill level 10 in Axes
   371 | D        | Killed a troll
   371 | D        | Reached skill level 11 in Axes
   371 | D        | Reached XP level 8. HP: 60/60 MP: 8/8
   379 | D        | Killed a hippogriff
   536 | D        | Gained mutation: You passively map a small area around you. [potion of mutation]
   536 | D        | Gained mutation: Your mind is acute. (Int +2) [potion of mutation]
   537 | D        | Lost mutation: You passively map a small area around you. [potion of mutation]
   537 | D        | Lost mutation: Your mind is acute. (Int +2) [potion of mutation]
   537 | D        | Gained mutation: Your mind is acute. (Int +2) [potion of mutation]
   537 | D        | Lost mutation: Your mind is acute. (Int +2) [potion of mutation]
   537 | D        | Gained mutation: You can translocate small distances at will. [potion of mutation]
   538 | D        | Noticed a blink frog
   538 | D        | Noticed a komodo dragon
   538 | D        | Noticed a yak
   538 | D        | Noticed a spiny frog
   539 | D        | Noticed a spiny frog
   542 | D        | Killed a spiny frog
   542 | D        | Received a gift from Trog
   542 | D        | Reached skill level 5 in Armour
   545 | D        | Noticed a hippogriff
   548 | D        | Killed a yak
   548 | D        | Received a gift from Trog
   548 | D        | Reached skill level 12 in Axes
   548 | D        | Reached XP level 9. HP: 65/65 MP: 9/9
   550 | D        | Killed a komodo dragon
   553 | D        | Killed a spiny frog
   561 | D        | Reached skill level 13 in Axes
   787 | D        | Noticed a rime drake
   787 | D        | Noticed a spiny frog
   787 | D        | Noticed a black mamba
   789 | D        | Noticed a black mamba
   797 | D        | Killed a black mamba
   801 | D        | Reached XP level 10. HP: 73/73 MP: 3/10
   805 | D        | Reached skill level 14 in Axes
   807 | D        | Noticed a black mamba
   807 | D        | Killed a spiny frog
   807 | D        | Reached ****** piety under Trog
   824 | D        | HP: 1/73 [black mamba (5)]
   832 | D        | Killed a black mamba
   836 | D        | Received a gift from Trog
   843 | D        | Killed a black mamba
   849 | D        | Reached skill level 15 in Axes
  1210 | D        | Received a gift from Trog
  1441 | D        | Reached skill level 1 in Stealth
  1442 | D        | Received a gift from Trog
  1470 | D        | Received a gift from Trog
  1491 | D        | Got a slimy war axe {god gift}
  1493 | D        | Identified the +8 war axe of Conscience {venom, rElec Int+2} (Trog gifted it to you in the Dungeon)
  1559 | D        | Noticed an orc knight
  1559 | D        | Noticed an orc knight
  1570 | D        | Killed an orc knight
  1570 | D        | Reached XP level 11. HP: 80/80 MP: 3/11
  1577 | D        | Noticed an orc knight
  1580 | D        | Noticed an orc high priest
  1582 | D        | Reached skill level 16 in Axes
  1586 | D        | Slain by an orc knight

Skill      XL: |  1  2  3  4  5  6  7  8  9 10 11 |
---------------+----------------------------------+-----
Axes           | 3 5 6 8 9 11 12 13 15 16 | 16.0
Fighting       | 4 6 7 8 9 11 13 14 | 14.5
Dodging        | 3 5 6 7 8 9 |  9.7
Armour         | 3 4 5 6 8 |  8.5
Stealth        | 1 |  1.6

Action                   |  1- 3 |  4- 6 |  7- 9 | 10-12 || total
-------------------------+-------+-------+-------+-------++-------
Melee: Hand axe          |    22 |    24 |       |       ||    46
       War axe           |       |    11 |    47 |       ||    58
       Battleaxe         |       |       |    13 |   115 ||   128
       Broad axe         |       |       |       |    20 ||    20
Invok: Berserk           |     1 |     1 |     3 |     3 ||     8
       Burn Spellbooks   |       |       |       |     1 ||     1
 Abil: Blink             |       |       |       |     1 ||     1
  Use: Potion            |       |       |     3 |     6 ||     9
  Eat: Chunk             |       |       |     3 |     5 ||     8
Armor: Animal skin       |     8 |    17 |       |       ||    25
       Ring mail         |       |     1 |    14 |    57 ||    72
Dodge: Dodged            |    10 |    31 |    35 |   147 ||   223
